 Dungeon Crawl Stone Soup version 0.27.1-35-g4d5d836560 (webtiles) character file.

Game seed: 8444183435679764435

18061 Delamore the Slicer (level 12, -12/77 HPs)
             Began as an Octopode Brigand on Aug 11, 2022.
             Was an Initiate of Gozag.
             Mangled by a black mamba (13 damage)
             ... on level 2 of the Lair of Beasts.
             The game lasted 00:25:04 (15744 turns).

Delamore the Slicer (Octopode Brigand)             Turns: 15744, Time: 00:25:05

Health: -12/77     AC:  1    Str: 17    XL:     12   Next: 54%
Magic:  19/19      EV: 16    Int: 14    God:    Gozag
Gold:   243        SH:  0    Dex: 23    Spells: 16/21 levels left

rFire    . . .     SeeInvis .   d - +9 quick blade (vorpal)
rCold    . . .     Faith    .   (no shield)
rNeg     . . .     Spirit   .   (helmet restricted)
rPois    .         Reflect  .   x - amulet of magic regeneration
rElec    .         Harm     .   n - ring of flight
rCorr    .         Rampage  .   p - +6 ring of dexterity
Will     .....                  w - +6 ring of strength
Stlth    ++++++....             (no ring)
HPRegen  0.22/turn              (no ring)
MPRegen  0.41/turn              (no ring)
                                (no ring)
                                (no ring)

@: lethally poisoned (-12 -> -29), gold aura, flying, studying Short Blades
A: almost no armour, amphibious, 8 rings, camouflage 1, gelatinous body 1,
(nimble swimmer 1), tentacles
a: Renounce Religion, Potion Petition, Call Merchant, Bribe Branch


You were on level 2 of the Lair of Beasts.
You worshipped Gozag.
Gozag was aware of your devotion.
You visited 3 branches of the dungeon, and saw 13 of its levels.
You also visited: Ossuary.

You collected 2561 gold pieces.
You spent 240 gold pieces at shops.
You paid 2078 gold pieces to Gozag.

Inventory:

Hand Weapons
 a - a +2 dagger
 d - a +9 vorpal quick blade (weapon)
Missiles
 b - 2 poisoned darts (quivered)
 c - 16 curare-tipped darts
 i - 358 stones
 H - a throwing net
Armour
 o - a +0 tower shield
Jewellery
 n - a ring of flight (left tentacle)
 p - a +6 ring of dexterity (right tentacle)
 w - a +6 ring of strength (on tentacle)
 x - an amulet of magic regeneration (around mantle)
Wands
 k - a wand of flame (5)
 v - a wand of paralysis (2)
 D - a wand of digging (8)
Scrolls
 e - 2 scrolls of noise
 f - 8 scrolls of teleportation
 j - 3 scrolls of immolation
 l - a scroll of torment
 m - a scroll of amnesia
 s - 2 scrolls of blinking
 u - a scroll of fog
 y - a scroll of magic mapping
 A - 2 scrolls of fear
 B - 3 scrolls of enchant armour
Potions
 g - 5 potions of degeneration
 h - 2 potions of might
 q - 2 potions of invisibility
 r - 2 potions of haste
 t - 6 potions of heal wounds
 z - 2 potions of curing
 C - 2 potions of magic
 E - 2 potions of attraction
 F - 3 potions of lignification
 G - a potion of cancellation {unknown}


   Skills:
 - Level 5.0 Fighting
 + Level 11.5 Short Blades
 + Level 9.9 Throwing
 - Level 5.0 Dodging
 - Level 10.0 Stealth
 - Level 5.0 Spellcasting
 + Level 9.6 Hexes
 - Level 5.0 Evocations


You had 16 spell levels left.
You knew the following spells:

 Your Spells              Type           Power      Damage    Failure   Level
a - Dazzling Flash        Conj/Hex       34%        N/A       7%          3
b - Blink                 Tloc           N/A        N/A       26%         2

Your spell library contained the following spells:

 Spells                   Type           Power      Damage    Failure   Level
 Lesser Beckoning         Tloc           1%         N/A       45%         3
 Airstrike                Air            1%         N/A       86%         4
 Hailstorm                Conj/Ice       3%         3d3       86%         4
 Ice Form                 Ice/Tmut       3%         N/A       86%         4
 Iskenderun's Mystic Bla  Conj/Tloc      3%         2d3       86%         4
 Summon Lightning Spire   Summ/Air       3%         N/A       86%         4
 Lightning Bolt           Conj/Air       1%         1d12      99%         5
 Manifold Assault         Tloc           3%         N/A       99%         5
 Simulacrum               Ice/Necr       1%         N/A       100%        6
 Starburst                Conj/Fire      1%         6d3       100%        6


Dungeon Overview and Level Annotations

Branches:
Dungeon (10/15)            Temple (1/1) D:6            Lair (2/6) D:10
  Snake (0/4) Lair:2      Ossuary (visited)
  Swamp: Lair:2-4    Shoals: Lair:2-4       Orc: D:9-12

Altars:
Ashenzari
Cheibriados
Dithmenos
Elyvilon
Fedhas
Gozag
Hepliaklqana
Kikubaaqudgha
Makhleb
Nemelex Xobeh
Okawaru
Qazlal
Ru
Sif Muna
Trog
Uskayaw
Vehumet
Wu Jian
Xom
Yredelemnul
Zin
The Shining One

Shops:
D:8 !   D:9 :

Annotations:
D:5 1 runed translucent door, Delamore's ghost, novice OpBr


Innate Abilities, Weirdness & Mutations

You cannot wear most types of armour.
You are amphibious.
You can wear up to eight rings at the same time.
Your skin changes colour to match your surroundings (Stealth+).
Your rubbery body absorbs attacks. (AC +1, EV +1)
((You are camouflaged near water. (Stealth+)))
You have tentacles for arms and can constrict up to eight enemies at once.


Message History

You closely miss the black mamba.
The black mamba hisses angrily.
You grab the black mamba. You squeeze the black mamba.
The black mamba is lightly wounded.
You constrict the black mamba, but do no damage.
You hit the black mamba.
The black mamba is moderately wounded.
You constrict the black mamba, but do no damage.
The black mamba barely misses you.
You puncture the black mamba!
The black mamba is heavily wounded.
You constrict the black mamba.
A black mamba comes into view.
You barely miss the black mamba.
The black mamba is heavily wounded.
You constrict the black mamba. The black mamba bites you!
The black mamba hisses angrily.
You hit the black mamba.
The black mamba is severely wounded.
You constrict the black mamba, but do no damage.
You hit the black mamba but do no damage.
You squeeze the black mamba!
You kill the black mamba!
Found a box of beasts.
The black mamba bites you! x2; The black mamba misses you.
You are too injured to fight recklessly!
You are too injured to fight recklessly!
You are too injured to fight recklessly!
The black mamba misses you. The black mamba bites you!
* * * LOW HITPOINT WARNING * * *
The black mamba bites you!
* * * LOW HITPOINT WARNING * * *
You are lethally poisoned!
The black mamba poisons you!
* * * LOW HITPOINT WARNING * * *
You feel very sick. The black mamba bites you!
You die...
Your body crumbles into a pile of gold.

...### #...........P.....⌠⌠$.#..
..## ##.......................
.## ###...(..#...#......$... ##
#..(....#...#......... .#
###..........#..P..<$#.. P#
#....(.........>....$(.. ##
######(.(...$............... .#
###.##........S.....b......F.$
.###...$$$(#....@S..P...........F
##...(##...........(.............
####..$###.##...####.............
# ##...#####..(# ............. ##
##..# #..#.# ...F... ..F .#
###..# ....### .....}. ..? .#
#....# .....# ..... ## ##...#
#...# # ##..## ?#


You could see 2 black mambas and a bullfrog (wandering).

Vanquished Creatures
  4 hydras
  2 two-headed ogres
  Pikel (D:6)
  8 cane toads
  A black mamba (Lair:2)
  A gargoyle (D:10)
  6 komodo dragons
  A polar bear (Lair:2)
  2 hornets
  Prince Ribbit (Lair:2)
  6 blink frogs
  A wraith (D:10)
  2 wyverns
  5 yaks (Lair:1)
  A shadow (D:10)
  3 basilisks
  2 steam dragons
  A swamp worm (Lair:2)
  5 water moccasins
  Duvessa (D:6)
  An orc warrior (D:10)
  A black bear (D:5)
  A hornet zombie (D:8)
  An ice beast (D:5)
  2 sky beasts
  2 ogres
  5 wolves (Lair:1)
  A lemure (D:6)
  A phantom (D:6)
  2 kobold brigands (D:9)
  8 bullfrogs
  4 scorpions (D:5)
  Dowan (D:6)
  A wyvern zombie (D:6)
  2 wyvern skeletons (D:6)
  5 killer bees
  6 wights
  4 howler monkeys
  An electric eel (D:9)
  3 hounds
  3 jellies
  5 centaur zombies
  A human zombie (Ossuary)
  4 orc priests
  2 bullfrog skeletons
  A gnoll shaman (D:7)
  A centaur skeleton (D:6)
  Jessica (D:2)
  Natasha (twice) (D:2)
  3 iguanas
  7 orc wizards
  A killer bee zombie (D:8)
  2 hound zombies (Ossuary)
  4 mummies
  A howler monkey zombie (D:9)
  13 gnolls
  8 adders
  A howler monkey skeleton (D:7)
  2 shadow imps
  12 white imps (Lair:1)
  An ufetubus (D:6)
  6 adder zombies (Ossuary)
  3 dart slugs
  32 orcs
  5 endoplasms
  2 giant cockroaches
  A gnoll zombie (Ossuary)
  5 goblins
  5 hobgoblins
  4 jackals (D:1)
  2 quokkas
  6 ball pythons
  3 bats
  3 frilled lizards
  5 goblin zombies (Ossuary)
  2 hobgoblin zombies (Ossuary)
  3 jackal zombies (Ossuary)
  17 kobolds
  A kobold zombie (Ossuary)
  2 orc zombies (Ossuary)
  6 quokka zombies (Ossuary)
  3 rats
  4 rat zombies (Ossuary)
301 creatures vanquished.

Vanquished Creatures (others)
  9 fungi
  15 plants
24 creatures vanquished.

Grand Total: 325 creatures vanquished

Notes
Turn   | Place    | Note
-------+----------+-------------------------------------------
     0 | D:1      | Delamore the Octopode Brigand began the quest for the Orb.
     0 | D:1      | Reached XP level 1. HP: 14/14 MP: 1/1
    91 | D:1      | Reached XP level 2. HP: 12/20 MP: 2/2
  1181 | D:1      | Identified a scroll of acquirement
  1183 | D:1      | Acquired a +6 quick blade
  1264 | D:2      | Reached XP level 3. HP: 25/25 MP: 3/3
  1286 | D:2      | Noticed Jessica
  1291 | D:2      | Killed Jessica
  1312 | D:2      | Noticed Natasha
  1315 | D:2      | Killed Natasha
  1316 | D:2      | Reached XP level 4. HP: 31/31 MP: 4/4
  1781 | D:2      | Noticed Natasha
  1790 | D:2      | Killed Natasha
  1791 | D:2      | Reached skill level 3 in Short Blades
  1791 | D:2      | Reached XP level 5. HP: 36/36 MP: 5/5
  2053 | D:3      | Found a faded altar of an unknown god.
  2106 | D:3      | Learned a level 3 spell: Dazzling Flash
  2832 | D:4      | Reached XP level 6. HP: 43/43 MP: 6/6
  3326 | D:4      | Found a broken altar of Ashenzari.
  3330 | D:4      | Saw a vision of the Swamp and the Snake Pit.
  3330 | D:4      | Noticed a vampire mosquito
  3330 | D:4      | Noticed a vampire mosquito
  3330 | D:4      | Noticed a vampire mosquito
  3330 | D:4      | Noticed a swamp drake
  3330 | D:4      | Noticed an alligator
  3330 | D:4      | Noticed a salamander
  3330 | D:4      | Noticed a naga warrior
  3330 | D:4      | Noticed a naga
  3330 | D:4      | Noticed a black mamba
  3330 | D:4      | Noticed a naga warrior
  3331 | D:4      | Noticed a will-o-the-wisp
  3331 | D:4      | Noticed a black mamba
  3332 | D:4      | Noticed a naga
  3422 | D:4      | Reached skill level 4 in Short Blades
  3853 | D:4      | Reached XP level 7. HP: 48/49 MP: 7/7
  3992 | D:5      | Entered Level 5 of the Dungeon
  3994 | D:5      | Found a runed translucent door.
  4030 | D:5      | Identified the +3 scythe of the Shining Light {holy, +Rage
                  | rPois Dex-5}
  4097 | D:5      | Noticed Delamore's ghost (novice OpBr)
  4147 | D:5      | Found a burning altar of Makhleb.
  4249 | D:5      | Reached skill level 5 in Fighting
  4306 | D:5      | Reached skill level 5 in Short Blades
  4306 | D:5      | Reached skill level 5 in Dodging
  4313 | D:5      | Found a sand-covered staircase.
  4320 | Ossuary  | Entered an ossuary
  4457 | Ossuary  | Reached XP level 8. HP: 41/55 MP: 8/8
  4550 | Ossuary  | Reached skill level 6 in Short Blades
  4911 | D:5      | Reached skill level 7 in Short Blades
  5386 | D:5      | Reached skill level 8 in Short Blades
  5583 | D:6      | Identified the +1 leather armour "Puamumm" {+Blink Regen+
                  | Int+7 Dex-3}
  5598 | D:6      | Reached skill level 1 in Spellcasting
  5962 | D:6      | Noticed Pikel
  5979 | D:6      | Killed Pikel
  5980 | D:6      | Reached XP level 9. HP: 53/61 MP: 10/14
  6242 | D:6      | Acquired 1009 gold pieces
  6595 | D:6      | Found a staircase to the Ecumenical Temple.
  6660 | D:6      | Noticed Duvessa
  6661 | D:6      | Noticed Dowan
  6681 | D:6      | Killed Duvessa
  6687 | D:6      | Killed Dowan
  6782 | Temple   | Entered the Ecumenical Temple
  7684 | D:7      | Reached skill level 5 in Spellcasting
  7827 | D:6      | Reached skill level 10 in Stealth
  8046 | D:7      | Reached skill level 1 in Evocations
  8052 | D:7      | Reached skill level 1 in Hexes
  8426 | D:8      | Found a bloodstained altar of Trog.
  8429 | D:8      | Found a basalt altar of Yredelemnul.
  8429 | D:8      | Found an ornate altar of the Wu Jian Council.
  8429 | D:8      | Found a shimmering blue altar of Sif Muna.
  8429 | D:8      | Found a stormy altar of Qazlal.
  8431 | D:8      | Found a shimmering altar of Xom.
  8432 | D:8      | Found an opulent altar of Gozag.
  8442 | D:8      | Became a worshipper of Gozag Ym Sagoz the Greedy
  8445 | D:8      | Bought a potion of heal wounds for 60 gold pieces
  8445 | D:8      | Bought a potion of curing for 36 gold pieces
  8445 | D:8      | Bought a potion of invisibility for 96 gold pieces
  8445 | D:8      | Bought a potion of might for 48 gold pieces
  8556 | D:8      | Reached XP level 10. HP: 66/66 MP: 17/17
  8736 | D:8      | Noticed a six-headed hydra
  8739 | D:8      | Killed a six-headed hydra
  9145 | D:8      | Paralysed by a hornet for 2 turns
 10057 | D:9      | Reached skill level 5 in Throwing
 10230 | D:9      | Reached skill level 5 in Evocations
 10682 | D:9      | Learned a level 2 spell: Blink
 10783 | D:9      | Noticed a two-headed ogre
 10787 | D:9      | Killed a two-headed ogre
 10788 | D:9      | Reached skill level 5 in Hexes
 11079 | D:10     | Entered Level 10 of the Dungeon
 11102 | D:10     | Reached XP level 11. HP: 62/71 MP: 18/18
 11494 | D:10     | Found a glowing golden altar of the Shining One.
 11613 | D:10     | Noticed a two-headed ogre
 11636 | D:10     | Killed a two-headed ogre
 12036 | D:10     | Found a staircase to the Lair.
 12499 | D:10     | Acquired a manual of Short Blades
 12512 | Lair:1   | Entered Level 1 of the Lair of Beasts
 12700 | Lair:1   | Found a frozen archway.
 13273 | Lair:1   | Reached skill level 9 in Short Blades
 13567 | Lair:1   | Noticed a six-headed hydra
 13573 | Lair:1   | Killed a six-headed hydra
 13963 | Lair:1   | Noticed an eight-headed hydra
 13970 | Lair:1   | Killed an eight-headed hydra
 13971 | Lair:1   | Reached skill level 10 in Short Blades
 13971 | Lair:1   | Reached XP level 12. HP: 77/77 MP: 19/19
 14804 | Lair:2   | Noticed a four-headed hydra
 14825 | Lair:2   | Noticed Prince Ribbit
 14833 | Lair:2   | Killed a four-headed hydra
 15012 | Lair:2   | Reached skill level 11 in Short Blades
 15604 | Lair:2   | Found a staircase to the Snake Pit.
 15683 | Lair:2   | Killed Prince Ribbit
 15744 | Lair:2   | HP: 1/77 [poisoned by a black mamba]
 15744 | Lair:2   | Mangled by a black mamba

Illustrated notes

Levels and vault maps discovered:
D:1:      saegor_arrival_simple_a, layout_basic, minmay_3d_cube
D:2:      layout_loops_ring, uniq_natasha, uniq_jessica
D:3:      layout_loops_ring, dreamdust_ecumenical_altar_angels_and_demons,
          nicolae_underground_beach
D:4:      layout_layer_cave, grunt_ashenzari_visionary
          [grunt_ashenzari_visionary_swamp, grunt_ashenzari_visionary_snake],
          serial_forest, infiniplex_forest_lined_4_way,
          infiniplex_forest_straight_5, infiniplex_forest_straight_2,
          infiniplex_forest_straight_3, infiniplex_forest_corner_1,
          infiniplex_forest_corner_2
D:5:      layout_loops_ring, nicolae_overflow_hidden_temple,
          gup_ossuary_entry_pyramid, ebering_ghost_sewer_d, grunt_tough_drop
D:6:      layout_rooms, minmay_temple_entry_enclosed_plants, minmay_hedge_maze,
          minmay_starry_boxes, uniq_pikel, uniq_duvessa
D:7:      layout_cave_pools
D:8:      layout_cave_pods, grunt_temple_overflow_open
D:9:      layout_basic, minmay_quadrilaterals
D:10:     layout_rooms, mainiacjoe_overflow_catwalk, erik_lair_dragon,
          minmay_liquid_box, hellmonk_bongcloud_opening,
          chequers_serial_rivers_marsh
Temple:   chequers_temple_sunken
Lair:1:   layout_long_grid, portal_ice_cave_entry_imps, lemuel_fruit_tree,
          grunt_megastairs_4
Lair:2:   layout_gridlike, nicolae_swamp_entry_splash_gauntlet,
          minmay_snake_entry_six_corridors, beast_lair_carwin_1,
          lemuel_fruit_fields, uniq_prince_ribbit2

Skill      XL: |  1  2  3  4  5  6  7  8  9 10 11 12 |
---------------+-------------------------------------+-----
Dodging        | 2 3 4 5 |  5.0
Fighting       | 3 4 5 |  5.0
Short Blades   | 3 4 5 8 10 11 | 11.5
Spellcasting   | 3 5 |  5.0
Stealth        | 7 10 | 10.0
Evocations     | 2 5 |  5.0
Hexes          | 2 5 8 9 |  9.6
Throwing       | 3 6 9 |  9.9

Action                   |  1- 3 |  4- 6 |  7- 9 | 10-12 || total
-------------------------+-------+-------+-------+-------++-------
Melee: Dagger            |    31 |       |       |       ||    31
       Tentacles         |    10 |    13 |    77 |    81 ||   181
       Constrict         |    10 |    14 |    63 |    42 ||   129
       Quick blade       |     8 |    75 |   302 |   317 ||   702
Throw: Dart              |       |    24 |    32 |    87 ||   143
       Stone             |       |     5 |    27 |    58 ||    90
Invok: Call Merchant     |       |       |     1 |     1 ||     2
       Potion Petition   |       |       |       |     1 ||     1
Evoke: Wand              |       |       |     6 |    13 ||    19
  Use: Scroll            |     3 |     2 |    13 |     7 ||    25
       Potion            |       |       |       |     1 ||     1
 Stab: Sleeping          |     9 |    13 |    13 |    27 ||    62
       Distracted        |       |       |     1 |     5 ||     6
       Paralysed         |       |       |     1 |     1 ||     2
Armor: Skin              |       |     3 |    11 |     7 ||    21
Dodge: Dodged            |    24 |    28 |   104 |    66 ||   222
